Map: Oxide LE

Players

HeroMarine - Winner!

  • Race: Terran Terran
  • League: Grandmaster
  • Spawn Location: 7:00

DnS

  • Race: Protoss Protoss
  • Spawn Location: 1:00

Event: DreamHack SC2 Masters 2020 Winter

VOD

Have the link to the VOD?

Description

Time

  • Played on: Oct. 28, 2020, 11:21 a.m.
  • Length: 18:19

All games in this series

Show
View Real Time Build Order
Export as new Build Order

HeroMarine Terran - Winner!

Build Orders:  

Get SALT Encoding   

  12  0:00  SCV  
  13  0:12  SCV  
  14  0:17  Supply Depot  
  14  0:24  SCV  
  15  0:39  SCV  
  15  0:41  Barracks  
  16  0:46  Refinery  
  16  0:51  SCV  
  16  0:56  Refinery  
  17  1:03  SCV  
  18  1:15  SCV  
  19  1:28  Reaper, Orbital Command  
  20  1:36  Supply Depot  
  20  1:50  Factory  
  20  1:54  SCV  
  21  1:56  Bunker  
  21  2:00  Reaper  
  22  2:06  SCV  
  23  2:18  SCV  
  24  2:30  SCV  
  24  2:35  Command Center  
  25  2:38  Hellion  
  25  2:42  SCV  
  28  2:47  Supply Depot  
  28  2:54  SCV  
  29  2:58  Starport  
  29  3:01  Widow Mine  
  31  3:08  SCV  
  32  3:16  Supply Depot  
  32  3:20  SCV  
  32  3:23  Widow Mine, Barracks  
  35  3:33  SCV  
  36  3:40  Medivac  
  38  3:44  Armory, Widow Mine  
  38  3:45  SCV  
  41  3:57  SCV, Barracks  
  41  4:01  Barracks Reactor  
  42  4:09  SCV, Orbital Command  
  43  4:10  Factory Tech Lab  
  43  4:21  SCV  
  43  4:22  Barracks Tech Lab  
  44  4:27  Engineering Bay  
  44  4:30  Cyclone  
  47  4:33  SCV  
  47  4:36  SCV  
  47  4:37  Marine x2  
  51  4:41  Stimpack, Marine  
  51  4:45  SCV  
  53  4:48  SCV  
  53  4:49  Supply Depot  
  54  4:57  SCV  
  54  4:58  Terran Infantry Weapons Level 1  
  54  4:59  Marauder  
  57  5:00  SCV  
  57  5:02  Marine  
  57  5:03  Marine  
  57  5:09  SCV  
  57  5:12  SCV  
  59  5:15  Starport Reactor  
  59  5:17  Refinery  
  59  5:19  Supply Depot, Factory Reactor, Marine  
  59  5:20  Marine  
  59  5:21  SCV, Marauder  
  61  5:24  SCV  
  59  5:28  Refinery  
  59  5:32  Combat Shield  
  59  5:33  Marine  
  59  5:34  SCV  
  61  5:36  SCV  
  61  5:37  Marine  
  61  5:38  Marine  
  61  5:42  Marine  
  65  5:43  Supply Depot  
  65  5:46  SCV  
  65  5:48  SCV  
  67  5:52  Supply Depot  
  67  5:55  Marauder, Marine  
  67  5:56  Marine  
  67  5:57  Medivac  
  73  5:58  Widow Mine x2  
  73  6:02  Missile Turret  
  73  6:03  Missile Turret  
  77  6:05  Medivac  
  79  6:12  Marauder  
  79  6:15  Marine x2  
  79  6:17  Marauder  
  84  6:19  Supply Depot  
  84  6:22  Widow Mine x2  
  84  6:24  SCV x2  
  86  6:33  Marauder, Marine x2  
  86  6:38  Marauder  
  90  6:44  Widow Mine x2  
  90  6:45  Medivac  
  96  6:48  Medivac  
  96  6:49  Supply Depot  
  96  6:51  Concussive Shells  
  96  6:53  Marine x2  
  98  6:55  Marauder  
  98  6:57  Supply Depot  
  98  6:59  Marauder  
  102  7:11  Marine x2  
  102  7:12  SCV x2  
  102  7:15  Widow Mine  
  107  7:16  Marauder  
  107  7:18  Medivac  
  107  7:19  Widow Mine  
  107  7:21  Marauder  
  113  7:29  Marine x2  
  110  7:35  Command Center  
  108  7:37  Marauder  
  108  7:42  Marauder, Terran Infantry Weapons Level 2  
  108  7:43  Engineering Bay  
  112  7:45  Widow Mine  
  112  7:46  Widow Mine  
  112  7:47  Marine x2  
  117  8:04  Marine  
  118  8:10  Marauder, Marine  
  118  8:11  Barracks  
  118  8:12  Medivac, Barracks  
  117  8:13  Marauder  
  117  8:19  SCV x2  
  112  8:20  Terran Infantry Armor Level 1  
  112  8:22  Widow Mine, Marine  
  112  8:23  Widow Mine  
  112  8:26  Supply Depot  
  113  8:28  Marine  
  113  8:30  Medivac  
  113  8:31  Marauder  
  118  8:39  Supply Depot  
  118  8:40  SCV x2  
  118  8:41  Supply Depot  
  118  8:47  Marauder, Marine x2  
  122  8:50  Medivac, Widow Mine  
  122  8:51  Widow Mine  
  122  8:52  SCV x2  
  122  8:53  Marauder  
  130  8:57  Supply Depot  
  130  8:58  Missile Turret  
  130  9:02  Barracks Reactor, Barracks Tech Lab  
  130  9:05  SCV x2  
  132  9:17  SCV x2  
  134  9:18  Marauder x2, Marine x2  
  134  9:20  Widow Mine x2  
  134  9:22  Orbital Command  
  144  9:29  SCV x2  
  146  9:31  Marauder  
  146  9:41  SCV x2  
  146  9:42  Ghost Academy  
  148  9:46  Terran Ship Weapons Level 1, Refinery x2, Factory  
  148  9:48  Marauder x2  
  154  9:52  Marauder  
  154  9:53  SCV, Marine  
  156  10:00  Terran Infantry Weapons Level 3  
  144  10:09  Marauder x2  
  148  10:17  Marauder, Marine x2  
  148  10:18  Medivac x2, Widow Mine x2  
  136  10:30  Marauder x2  
  136  10:32  Marine x2  
  134  10:36  Factory Tech Lab  
  134  10:37  Supply Depot  
  134  10:38  Marine  
  134  10:39  Marine  
  134  10:40  Widow Mine x2  
  140  10:45  Command Center  
  140  10:48  Medivac x2  
  142  10:50  Terran Infantry Armor Level 2  
  142  10:51  Marine  
  142  10:52  Marine  
  142  10:54  Marauder  
  146  11:02  Marauder x2  
  146  11:03  Drilling Claws  
  150  11:05  Widow Mine x3  
  150  11:06  Marine  
  150  11:08  Marine  
  150  11:09  Supply Depot  
  158  11:13  Enhanced Shockwaves  
  158  11:20  Barracks  
  158  11:22  Marine x2, Barracks  
  158  11:23  Marauder  
  162  11:26  Marine x2  
  162  11:36  Widow Mine x3  
  162  11:37  Medivac x2  
  172  11:44  Marauder x2  
  172  11:46  Marine x2  
  177  11:50  Marauder  
  179  11:56  Barracks  
  179  12:00  SCV x2  
  179  12:01  SCV  
  182  12:05  Ghost x2  
  186  12:09  Supply Depot, Missile Turret  
  186  12:10  Barracks Reactor, Barracks Tech Lab  
  186  12:11  Ghost, Starport  
  188  12:25  Viking  
  188  12:33  Ghost  
  188  12:34  Planetary Fortress  
  187  12:37  Refinery x2  
  187  12:38  Marauder  
  187  12:46  SCV x3  
  187  12:48  Viking  
  192  12:53  Barracks Tech Lab  
  192  12:55  Viking  
  194  13:02  Factory Reactor, Ghost  
  196  13:09  Command Center  
  196  13:18  Terran Infantry Armor Level 3  
  196  13:20  Viking  
  196  13:23  Viking x2  
  192  13:29  Ghost  
  192  13:39  Sensor Tower x2  
  192  13:42  Viking  
  192  13:50  Viking  
  192  14:09  Viking x2  
  196  14:13  Marauder  
  196  14:14  Terran Ship Weapons Level 2  
  186  14:26  Marauder  
  186  14:29  Marauder  
  178  14:35  Viking  
  178  14:36  Marauder x2  
  178  14:38  Marauder, Marine x6  
  158  14:40  Medivac, Widow Mine x3  
  158  14:41  Medivac  
  170  14:48  Marauder  
  170  14:50  Marauder  
  174  14:54  Fusion Core  
  174  14:56  Marine x2  
  174  14:57  Marauder  
  174  14:58  Marauder  
  174  14:59  Marauder  
  182  15:00  Marine x4  
  182  15:02  Widow Mine  
  188  15:08  Ghost  
  188  15:11  Ghost  
  190  15:15  Liberator x3  
  190  15:16  Marine  
  189  15:44  Marauder  
  189  15:45  Marauder  
  189  15:47  Marauder  
  189  15:48  Marauder, Marine x2  
  187  15:50  Marauder  
  187  15:51  Liberator  
  187  15:52  Advanced Ballistics  
  187  15:53  Marine x2  
  187  15:54  Planetary Fortress  
  192  15:58  Liberator  
  184  16:05  Marauder  
  184  16:06  Marine x2  
  184  16:10  Liberator  
  187  16:12  Marauder, Marine  
  187  16:17  Liberator  
  193  16:22  Refinery, Missile Turret  
  193  16:23  Refinery  
  193  16:28  Marauder  
  195  16:40  Command Center  
  195  16:41  Command Center  
  192  16:55  Command Center  
  192  16:56  Command Center  
  192  16:58  Sensor Tower, Liberator x2  
  197  17:02  Marauder  
  199  17:11  Rapid Reignition System  
  188  17:24  Marauder  
  186  17:34  Marauder, Marine  
  186  17:35  Marine x2, Liberator x2  
  173  17:38  Marauder x2, Marine  
  173  17:39  Marauder, Marine  
  173  17:42  Marine  
  160  17:45  Marauder  
  161  17:52  Marine x2  
  161  17:56  Marauder  
Show
View Real Time Build Order
Export as new Build Order

DnS Protoss 

Build Orders: Phoenix Opening 

Get SALT Encoding   

  12  0:00  Probe  
  13  0:12  Probe  
  14  0:17  Pylon  
  14  0:24  Probe (Chrono Boost)  
  15  0:36  Gateway  
  15  0:37  Probe (Chrono Boost)  
  16  0:44  Probe (Chrono Boost)  
  16  0:45  Assimilator  
  17  0:51  Probe  
  18  1:03  Probe  
  19  1:15  Probe  
  20  1:24  Cybernetics Core  
  20  1:25  Zealot  
  20  1:28  Probe  
  23  1:34  Pylon  
  23  1:49  Nexus  
  23  1:52  Probe  
  24  1:59  Adept (Chrono Boost)  
  26  2:04  Probe  
  27  2:10  Assimilator  
  26  2:21  Probe  
  27  2:26  Adept (Chrono Boost)  
  29  2:34  Probe  
  30  2:42  Stargate  
  30  2:46  Probe  
  31  3:01  Probe (Chrono Boost), Pylon  
  31  3:02  Probe (Chrono Boost)  
  32  3:08  Adept  
  32  3:12  Probe (Chrono Boost)  
  34  3:13  Probe (Chrono Boost)  
  36  3:21  Probe (Chrono Boost)  
  36  3:22  Probe (Chrono Boost)  
  36  3:26  Probe (Chrono Boost)  
  36  3:28  Probe (Chrono Boost)  
  38  3:34  Phoenix  
  38  3:36  Probe  
  38  3:40  Probe  
  42  3:46  Assimilator  
  42  3:49  Probe  
  42  3:52  Probe  
  44  3:59  Phoenix  
  44  4:01  Probe (Chrono Boost)  
  44  4:02  Robotics Facility  
  47  4:04  Gateway  
  47  4:09  Probe (Chrono Boost), Pylon  
  49  4:19  Probe (Chrono Boost), Assimilator  
  49  4:20  Probe (Chrono Boost)  
  49  4:22  Pylon  
  50  4:24  Probe (Chrono Boost)  
  50  4:25  Probe (Chrono Boost)  
  50  4:26  Phoenix (Chrono Boost)  
  54  4:36  Probe  
  54  4:37  Probe  
  56  4:48  Probe  
  56  4:50  Robotics Bay, Observer  
  56  4:51  Phoenix (Chrono Boost)  
  59  5:00  Probe  
  59  5:01  Probe  
  56  5:12  Probe (Chrono Boost)  
  57  5:17  Probe (Chrono Boost)  
  57  5:21  Phoenix  
  60  5:22  Adept  
  60  5:24  Probe (Chrono Boost)  
  60  5:26  Probe (Chrono Boost)  
  64  5:29  Nexus  
  64  5:30  Probe (Chrono Boost)  
  64  5:31  Observer  
  64  5:33  Probe  
  67  5:43  Probe  
  67  5:46  Pylon  
  67  5:47  Pylon  
  68  5:57  Sentry  
  68  6:02  Colossus (Chrono Boost)  
  68  6:04  Probe x2, Sentry  
  74  6:10  Pylon  
  80  6:16  Probe x2  
  80  6:17  Extended Thermal Lance, Warp Gate (Chrono Boost)  
  82  6:18  Gateway  
  82  6:23  Observer  
  82  6:24  Phoenix  
  84  6:39  Probe x2  
  86  6:40  Shield Battery  
  86  6:41  Observer  
  86  6:42  Shield Battery  
  86  6:45  Colossus (Chrono Boost)  
  86  6:50  Probe  
  86  6:52  Probe  
  96  6:55  Probe  
  96  6:56  Pylon  
  96  6:57  Shield Battery  
  97  7:02  Probe  
  98  7:08  Probe  
  98  7:14  Probe x2  
  100  7:18  Pylon  
  98  7:27  Probe (Chrono Boost)  
  98  7:28  Probe (Chrono Boost)  
  91  7:31  Probe (Chrono Boost)  
  91  7:32  Colossus  
  91  7:35  Pylon, Phoenix  
  95  7:39  Probe (Chrono Boost)  
  95  7:43  Probe (Chrono Boost)  
  98  7:45  Probe (Chrono Boost)  
  98  7:48  Probe (Chrono Boost)  
  98  7:49  Probe (Chrono Boost), Pylon  
  100  7:52  Probe (Chrono Boost)  
  100  7:54  Probe  
  101  8:00  Probe  
  101  8:03  Probe  
  101  8:06  Probe  
  100  8:15  Stalker x3  
  100  8:17  Probe  
  105  8:21  Phoenix  
  105  8:24  Probe x2  
  109  8:27  Forge  
  109  8:29  Probe  
  104  8:36  Probe x2  
  106  8:41  Probe  
  106  8:46  Phoenix  
  109  8:49  Twilight Council  
  109  8:53  Probe  
  109  8:54  Probe, Observer  
  111  8:59  Zealot  
  111  9:00  Zealot  
  111  9:01  Gateway  
  111  9:02  Gateway  
  115  9:03  Zealot  
  115  9:06  Gateway  
  115  9:13  Phoenix  
  115  9:15  Protoss Ground Weapons Level 1 (Chrono Boost)  
  114  9:17  Observer  
  114  9:18  Probe  
  119  9:24  Probe  
  119  9:29  Probe  
  121  9:32  Probe  
  121  9:34  Assimilator, Disruptor  
  121  9:36  Assimilator  
  121  9:37  Probe  
  122  9:38  Robotics Facility  
  122  9:44  Gateway  
  121  9:48  Photon Cannon  
  121  9:51  Gateway  
  119  9:52  Stalker  
  119  9:53  Stalker x2  
  119  9:54  Gateway  
  108  10:33  Nexus  
  108  10:35  Pylon  
  108  10:37  Pylon  
  108  10:38  Pylon  
  108  10:39  Charge  
  108  10:47  Pylon  
  108  10:50  Pylon  
  108  10:51  Pylon  
  108  10:52  Pylon  
  108  10:54  Pylon  
  108  10:57  Pylon, Disruptor (Chrono Boost)  
  108  10:59  Pylon  
  108  11:03  Disruptor (Chrono Boost)  
  109  11:06  Protoss Ground Armor Level 1 (Chrono Boost)  
  109  11:09  Phoenix  
  112  11:11  Stalker x3  
  112  11:12  Stalker x4, Pylon  
  112  11:17  Probe  
  128  11:20  Pylon  
  128  11:22  Photon Cannon  
  127  11:26  Disruptor (Chrono Boost)  
  127  11:29  Observer  
  130  11:46  Zealot x4  
  130  11:47  Zealot x3  
  147  11:57  Zealot x2, Disruptor (Chrono Boost)  
  147  11:59  Disruptor (Chrono Boost)  
  152  12:19  Stalker  
  152  12:20  Stalker x3, Zealot x3  
  165  12:31  Observer (Chrono Boost)  
  165  12:33  Stalker x2  
  164  12:42  Disruptor (Chrono Boost)  
  167  12:53  Nexus  
  167  12:55  Pylon  
  165  12:59  Protoss Ground Weapons Level 2 (Chrono Boost)  
  165  13:18  Blink (Chrono Boost)  
  151  13:25  Stalker x5, Zealot x3  
  151  13:26  Zealot  
  169  13:33  Probe x2  
  171  13:35  Probe  
  172  13:45  Probe x2  
  172  13:47  Probe  
  175  13:50  Disruptor  
  178  13:57  Probe  
  178  13:58  Probe  
  178  14:01  Probe  
  181  14:09  Disruptor (Chrono Boost)  
  182  14:10  Probe x3  
  182  14:13  Probe  
  186  14:22  Probe x2  
  164  14:32  Disruptor (Chrono Boost)  
  164  14:36  Zealot x2  
  164  14:37  Zealot x2  
  161  14:38  Zealot x2  
  161  14:39  Zealot  
  161  14:40  Probe x2  
  161  14:42  Disruptor (Chrono Boost)  
  172  14:53  Templar Archives  
  172  15:05  Protoss Ground Armor Level 2 (Chrono Boost)  
  170  15:15  Stalker x4, Zealot x3  
  170  15:16  Zealot x2  
  180  15:37  Nexus  
  180  15:40  Zealot x6  
  180  15:41  Zealot x3  
  160  16:05  Observer  
  160  16:10  High Templar x2  
  160  16:11  High Templar x5  
  160  16:16  Archon x3  
  160  16:17  Disruptor, High Templar  
  168  16:21  Pylon  
  168  16:22  Archon  
  165  16:50  Stalker  
  165  16:51  Stalker x6  
  175  17:09  Nexus  
  175  17:10  Pylon  
  175  17:13  Probe x2  
  175  17:14  Probe x2  
  166  17:23  Zealot x8  
  120  17:45  High Templar x2  
  120  17:46  High Templar x5  
  120  17:47  High Templar  
  120  17:48  Zealot  
  120  17:50  Archon x2  
  120  17:51  Archon x2  
Tags
 
Add a new tag
Caveats
  • Supply blocks, unpowered buildings, or Contaminate may cause inaccurate times.
  • Supply counts are checked every 10 seconds.